 Dungeon Crawl Stone Soup version 0.31.0-9-g3a7656b989 (webtiles) character file.

Game seed: 15678608039233447362

53 Arcadio the Trooper (level 3, -4/29 HPs)
             Began as a Human Monk on Jan 24, 2024.
             Slain by a cerulean imp
             ... wielding a +1 spear
             ... summoned by Natasha
              (6 damage)
             ... on level 2 of the Dungeon.
             The game lasted 00:01:37 (1152 turns).

Arcadio the Trooper (Human Monk)                    Turns: 1152, Time: 00:01:38

Health: -4/29      AC:  2    Str: 11    XL:     3   Next: 87%
Magic:  1/3        EV: 13    Int: 10    God:
Gold:   93         SH:  0    Dex: 17    Spells: 0/2 levels left

rFire   . . .        a - +0 falchion
rCold   . . .        d - orb {light}
rNeg    . . .        b - +0 robe
rPois   .            (no helmet)
rElec   .            (no cloak)
rCorr   .            (no gloves)
SInv    .            (no boots)
Will    .....        (no amulet)
Stlth   +            n - ring of wizardry
HPRegen 0.24/turn    (no ring)
MPRegen 0.08/turn

%: wizardry (x1)
@: glowing
A: explore regen
a: no special abilities


You were on level 2 of the Dungeon.
You visited 1 branch of the dungeon, and saw 2 of its levels.

You collected 93 gold pieces.

Inventory:

Hand Weapons
 a - a +0 falchion (weapon)
Armour
 b - a +0 robe (worn)
 d - an orb of light (worn)
 p - a +0 leather armour
Jewellery
 i - a ring of fire
 n - a ring of wizardry (left hand)
Scrolls
 f - a scroll of amnesia {unknown}
 h - a scroll of teleportation {unknown}
 k - a scroll of identify {unknown}
 l - a scroll of brand weapon {unknown}
Potions
 c - a potion of ambrosia
 e - a potion of brilliance {unknown}
 g - a potion of degeneration {unknown}
 j - a potion of attraction {unknown}
 m - 2 potions of lignification {unknown}
 o - a potion of enlightenment {unknown}


   Skills:
 + Level 3.6 Fighting
 + Level 3.6 Long Blades
 + Level 3.6 Dodging


You couldn't memorise any spells.
You knew the following spells:

 Your Spells              Type           Power      Damage    Failure   Level
a - Ensorcelled Hibernat  Hex/Ice        0%         N/A       22%         2

Your spell library contained the following spells:

 Spells                   Type           Power      Damage    Failure   Level
 Passwall                 Erth           0%         N/A       41%         3
 Swiftness                Air            0%         N/A       41%         3


Dungeon Overview and Level Annotations

Branches:
Dungeon (2/15)

Altars:

Annotations:
D:2 Natasha


Innate Abilities, Weirdness & Mutations

You regain HP and MP as you explore.


Message History

Casting: Ensorcelled Hibernation (safe; 22% risk of failure)
Confirm with . or Enter, or press ? or * to list all spells.
Aiming: Ensorcelled Hibernation (safe; 22% risk of failure)
Press: ? - help, Shift-Dir - straight line, f - Natasha
Aim: Natasha (chance to affect: 32%) Natasha easily resists.
Casting: Ensorcelled Hibernation (safe; 22% risk of failure)
Confirm with . or Enter, or press ? or * to list all spells.
You don't have enough magic to cast this spell.
Unknown command.
You hit Natasha.
Natasha is moderately wounded.
Natasha claws you!
You hit Natasha.
Natasha is heavily wounded.
Natasha mumbles some strange words.
Natasha casts a spell.
You hit Natasha.
Natasha is heavily wounded.
Natasha claws you. The cerulean imp closely misses you.
The cerulean imp hits you from afar with a +1 spear.
You hit Natasha but do no damage.
Natasha is heavily wounded.
The cerulean imp hits you from afar with a +1 spear.
The cerulean imp misses you. Natasha misses you.
You hit Natasha but do no damage.
Natasha is heavily wounded.
The cerulean imp hits you from afar with a +1 spear.
The cerulean imp hits you with a +2 spear.
Natasha claws you but does no damage.
You hit Natasha.
Natasha is severely wounded.
The cerulean imp closely misses you.
The cerulean imp hits you with a +2 spear.
* * * LOW HITPOINT WARNING * * *
Natasha claws you.
* * * LOW HITPOINT WARNING * * *
You hit Natasha.
Natasha is severely wounded.
The cerulean imp hits you from afar with a +1 spear.
You die...

############.......
#..................
#.##########.......
#.# #....... #.#
#......# #.#
#......# #.#
######.#
###.######## #.#
#..5@h5..... #.#
############ #.#
#.# #.#


You could see Natasha and 2 cerulean imps.

Vanquished Creatures
  An adder (D:2)
  2 dart slugs
  A bat (D:1)
  8 endoplasms
  2 giant cockroaches
  2 hobgoblins (D:1)
  2 jackals (D:1)
  2 kobolds (D:1)
  2 quokkas
  5 ball pythons (D:1)
  2 frilled lizards
  3 goblins
  4 rats (D:1)
36 creatures vanquished.

Notes
Turn   | Place    | Note
-------+----------+-------------------------------------------
     0 | D:1      | Arcadio the Human Monk began the quest for the Orb.
     0 | D:1      | Reached XP level 1. HP: 18/18 MP: 1/1
   101 | D:1      | Reached XP level 2. HP: 16/24 MP: 2/2
   404 | D:1      | Reached XP level 3. HP: 25/29 MP: 3/3
   859 | D:2      | Learned a level 2 spell: Ensorcelled Hibernation
  1143 | D:2      | Noticed Natasha
  1152 | D:2      | Slain by a cerulean imp

Illustrated notes

Levels and vault maps discovered:
D:1:      evilmike_arrival_crescent, layout_basic
D:2:      layout_basic, uniq_natasha

Action                     || total
---------------------------++-------
  Melee: Falchion          ||    78
   Cast: Ensorcelled Hiber ||     4
 Armour: Robe              ||    40
  Dodge: Dodged            ||    56
